AoeStats
← Ux'RaúlME

Arabia

510623347Analyzed
1v1 RM · 19h ago on Oct 1, 2026· 29m 33s· 2 players
Game mode
Random Map
Map size
Tiny (2 player)
Population
200
Speed
Normal
Resources
Standard
Victory
Conquest
Starting age
Dark Age
Ending age
Imperial Age
RankedLock teamsTeams togetherTeam positionsShared explorationLock speedFull tech treeHidden civsTurbo modeCheats
Victory
Defeat
🇵🇹 Bohemians · Portugal
1436
+15
🇲🇽 Persians · Mexico
1408
-15
Ux'RaúlME
9:17 Feudal Age
10:13 Double-Bit Axe
11:15 Loom
16:40 Padded Archer Armor
25:22 Castle Age
24:29 Bloodlines
24:25 Fletching
24:41 Scale Barding Armor
25:46 Bodkin Arrow
Savitar_pt
6:10 Loom
9:18 Feudal Age
9:46 Man-at-Arms
16:16 Fletching
17:28 Double-Bit Axe
24:24 Castle Age
23:10 Padded Archer Armor
24:23 Horse Collar
24:27 Crossbowman
25:03 Bodkin Arrow
25:42 Bow Saw
26:31 Fervor
26:04 Pikeman
26:48 Scale Mail Armor
28:05 Chain Mail Armor
28:47 Ballistics
Connection lost

Rejoining the realm…

Still unreachable

The connection could not be restored.

Session expired

The server has moved on; the page needs a fresh start.